 Dungeon Crawl Stone Soup version 0.28-a0-932-g843f935a50 (webtiles) character file.

Game seed: 3189185972782508110

536 tilp the Chiller (level 7, 30/30 HPs)
             Began as a Felid Ice Elementalist on Nov 27, 2021.
             Quit the game on level 6 of the Dungeon.
             The game lasted 00:18:30 (10103 turns).

tilp the Chiller (Felid Ice Elementalist)          Turns: 10103, Time: 00:18:31

Health: 30/30      AC:  2    Str:  4    XL:     7   Next: 4%
Magic:  15/15      EV: 18    Int: 19    God:
Gold:   74         SH:  0    Dex: 17    Spells: 2/16 levels left
                                        Lives:  0   Deaths: 2

rFire   . . .      SeeInvis +     - Unarmed
rCold   . . .      Faith    .   (shield unavailable)
rNeg    . . .      Spirit   .   (armour unavailable)
rPois   .          Reflect  .   (helmet unavailable)
rElec   .          Harm     .   (cloak unavailable)
rCorr   .          Rampage  .   (gloves unavailable)
Will    ++...                   (boots unavailable)
Stlth   +++.......              (no amulet)
HPRegen 0.10/turn               m - ring of willpower
MPRegen 0.14/turn               (no ring)

@: quick
A: very small, claws 1, fangs 3, see invisible, speed 1, shaggy fur 2, stealthy
paws, no weapons or thrown items, no armour, multi-lived
a: no special abilities


You were on level 6 of the Dungeon.
You visited 2 branches of the dungeon, and saw 7 of its levels.

You collected 330 gold pieces.
You spent 256 gold pieces at shops.

Inventory:

Jewellery
 m - a ring of willpower (left paw)
Wands
 p - a wand of acid (5)
Scrolls
 a - 2 scrolls of magic mapping
 b - 2 scrolls of holy word
 d - 4 scrolls of teleportation
 e - a scroll of amnesia
 g - 3 scrolls of blinking
 i - 3 scrolls of fear
Potions
 c - 2 potions of haste
 f - a potion of mutation {unknown}
 h - 2 potions of brilliance
 j - a potion of attraction {unknown}
 k - a potion of flight
 l - a potion of berserk rage
 n - a potion of resistance {unknown}
 o - 3 potions of curing


   Skills:
 - Level 2.0 Fighting
 - Level 4.0 Dodging
 - Level 6.0 Stealth
 - Level 4.0 Unarmed Combat
 - Level 5.0 Spellcasting
 - Level 2.0 Conjurations
 - Level 4.0 Hexes
 + Level 7.2 Ice Magic
 + Level 3.2 Evocations


You had 2 spell levels left.
You knew the following spells:

 Your Spells              Type           Power      Damage    Failure   Level
a - Freeze                Ice            100%       1d11      1%          1
b - Frozen Ramparts       Ice            64%        1d8       1%          3
c - Ozocubu's Armour      Ice            32%        N/A       1%          3
d - Hailstorm             Conj/Ice       22%        3d7       19%         4
e - Tukima's Dance        Hex            19%        N/A       7%          3

Your spell library contained the following spells:

 Spells                   Type           Power      Damage    Failure   Level
 Magic Dart               Conj           48%        1d5       5%          1
 Call Imp                 Summ           4%         N/A       19%         2
 Summon Guardian Golem    Hex/Summ       12%        N/A       16%         3
 Mephitic Cloud           Conj/Pois/Air  7%         N/A       28%         3
 Ignite Poison            Fire/Tmut/Pois 4%         N/A       36%         3
 Passage of Golubria      Tloc           4%         N/A       77%         4
 Yara's Violent Unravell  Hex/Tmut       6%         3d5       83%         5
 Simulacrum               Ice/Necr       9%         N/A       99%         6
 Eringya's Noxious Bog    Tmut/Pois      2%         N/A       100%        6
 Orb of Destruction       Conj           6%         9d3       100%        7
 Spellforged Servitor     Conj/Summ      4%         N/A       100%        7


Dungeon Overview and Level Annotations

Branches:
Dungeon (6/15)             Temple (1/1) D:4

Altars:
Dithmenos
Elyvilon
Gozag
Hepliaklqana
Nemelex Xobeh
Okawaru
Qazlal
Sif Muna
Trog
Uskayaw
Vehumet
Wu Jian
Xom
Zin
The Shining One

Shops:
D:1 *?[   D:3 *   D:5 :

Annotations:
D:5 exclusions: statue and two-headed ogre
D:6 Pikel


Innate Abilities, Weirdness & Mutations

You have sharp claws.
You have razor-sharp teeth.
You have supernaturally acute eyesight. (SInv)
You cover ground quickly. (Speed+)
You are covered in thick fur. (AC +2)
Your paws help you pounce on unaware monsters.
You are incapable of wielding weapons or throwing items.
You cannot wear armour.
You gain extra lives every three experience levels.


Message History

The wall freezes Pikel.
Unknown command.
Casting: Hailstorm (extremely dangerous; 19% risk of failure)
Confirm with . or Enter, or press ? or * to list all spells.
The spell is extremely dangerous to cast (19% risk of failure)!
Continue anyway?
Casting: Hailstorm (extremely dangerous; 19% risk of failure)
Press: ? - help, Dir - look around, f - activate You miscast Hailstorm.
You are very lightly contaminated with residual magic.
A chill runs through your body!
The wall freezes Pikel.
Unknown command.
Casting: Hailstorm (extremely dangerous; 19% risk of failure)
Confirm with . or Enter, or press ? or * to list all spells.
Aiming: Freeze (safe; 1% risk of failure)
Press: ? - help, Shift-Dir - straight line, f - Pikel
Aim: Pikel, wielding a +2 whip of electrocution, wearing a +0 robe and carrying a wand of charming (4) (heavily wounded)
You freeze Pikel.
Pikel is severely wounded.
The wall freezes Pikel!
Pikel says, "It's all about the gold, really."
Pikel zaps a wand.
You resist with almost no effort.
Casting: Freeze (safe; 1% risk of failure)
Confirm with . or Enter, or press ? or * to list all spells.
Aiming: Freeze (safe; 1% risk of failure)
Press: ? - help, Shift-Dir - straight line, f/p - Pikel
Aim: Pikel, wielding a +2 whip of electrocution, wearing a +0 robe and carrying a wand of charming (3) (almost dead)
You freeze Pikel.
Pikel is almost dead.
The wall freezes Pikel.
Pikel barely misses you.
You closely miss Pikel.
Pikel is almost dead.
The frozen ramparts melt away.
Pikel hits you with a +2 whip of electrocution!
You are electrocuted!!
Ouch! That really hurt!
You die...
You are now level 7!
You rejoin the land of the living...
Unknown command.
Are you sure you want to abandon this character and quit the game? (Confirm with "yes".)

)###.....###.......###
..##.....# #.......#.#
#.##.....#
#.........######
#.##.....#
#..............#
#.##.....#
#..#......####.#
#.##.....# #..##<....#
#.# #..#######
#..######.####.#
##.####
#..####........#
......#
#....@#.#.#########
###.#.#
##.##.#.#...†......
#...####
#.##...##########.
##.....# #.####.....#
#..##.####.## #.#.###
##.##.......# #.#...
###..######..# #.# ###
#..[.........# #.# ##
#............# #.. .#


There were no monsters in sight!

Vanquished Creatures
  A sky beast (D:6)
  2 black bears
  An orc warrior (D:6)
  2 necrophages
  2 ogres (D:5)
  A lemure (D:6)
  2 gnoll sergeants (D:5)
  4 scorpions
  2 howler monkeys
  A bullfrog zombie (D:6)
  A centaur zombie (D:6)
  6 hounds
  A gnoll shaman (D:5)
  2 jellies
  An orc priest (D:6)
  2 bullfrog skeletons
  4 iguanas
  3 orc wizards
  15 gnolls
  3 adders
  A howler monkey skeleton (D:4)
  2 ufetubi (D:6)
  2 adder skeletons
  A worm (D:3)
  4 dart slugs
  10 orcs
  8 endoplasms
  6 giant cockroaches
  2 goblins (D:1)
  9 hobgoblins
  2 jackals (D:5)
  8 kobolds
  3 quokkas
  4 ball pythons
  A bat (D:3)
  4 frilled lizards
  5 rats
128 creatures vanquished.

Notes
Turn   | Place    | Note
-------+----------+-------------------------------------------
     0 | D:1      | tilp the Felid Ice Elementalist began the quest for the
                  | Orb.
     0 | D:1      | Reached XP level 1. HP: 7/7 MP: 4/4
    16 | D:1      | Found Pishrel's Magic Scroll Shoppe.
   236 | D:1      | Reached skill level 1 in Unarmed Combat
   388 | D:1      | Found Posytheg's Antique Armour Boutique.
   394 | D:1      | Reached XP level 2. HP: 5/11 MP: 4/6
   835 | D:1      | Found Akergh's General Store.
  1586 | D:1      | Bought a scroll of identify for 28 gold pieces
  1607 | D:2      | Reached XP level 3. HP: 15/15 MP: 7/7
  1611 | D:2      | Learned a level 3 spell: Frozen Ramparts
  2138 | D:2      | Reached skill level 1 in Fighting
  2138 | D:2      | Reached XP level 4. HP: 16/19 MP: 0/8
  2230 | D:2      | Learned a level 3 spell: Ozocubu's Armour
  2292 | D:2      | Got the Grimoire of Icy Contamination
  2553 | D:1      | Bought a scroll of magic mapping for 49 gold pieces
  2629 | D:3      | Found a faded altar of an unknown god.
  2732 | D:3      | Found a hazy altar of Hepliaklqana.
  3009 | D:3      | Found Vecliok's Assorted Antiques.
  3014 | D:3      | Bought a scroll labelled KAGHES VONLI for 25 gold pieces
  3440 | D:1      | Bought a scroll of fear for 49 gold pieces
  3604 | D:4      | Reached XP level 5. HP: 22/22 MP: 2/9
  3910 | D:4      | Noticed a necrophage
  3921 | D:4      | Killed a necrophage
  3922 | D:4      | Reached skill level 5 in Stealth
  3922 | D:4      | Gained mutation: You are covered in thick fur. (AC +2)
                  | [Felid growth]
  3922 | D:4      | Reached XP level 6. HP: 14/26 MP: 6/10
  4069 | D:4      | Found a staircase to the Ecumenical Temple.
  4090 | Temple   | Entered the Ecumenical Temple
  5245 | D:5      | Entered Level 5 of the Dungeon
  5565 | D:5      | Reached skill level 4 in Ice Magic
  5947 | D:5      | Reached XP level 7. HP: 30/30 MP: 5/12
  6221 | D:5      | Reached skill level 5 in Ice Magic
  6417 | D:5      | Found a radiant altar of Vehumet.
  7010 | D:1      | Bought a scroll of blinking for 105 gold pieces
  7159 | D:5      | Found Saviud's Book Emporium.
  7184 | D:5      | Reached skill level 6 in Ice Magic
  7376 | D:5      | Reached XP level 8. HP: 33/33 MP: 1/14
  7491 | D:5      | Learned a level 4 spell: Hailstorm
  7495 | D:5      | Learned a level 3 spell: Tukima's Dance
  8078 | D:5      | Reached skill level 1 in Hexes
  8382 | D:5      | Reached skill level 1 in Conjurations
  8510 | D:5      | Noticed a two-headed ogre
  8673 | D:5      | Found a hide-covered altar of Uskayaw.
  9040 | D:6      | Reached skill level 1 in Evocations
  9549 | D:6      | Reached skill level 7 in Ice Magic
  9926 | D:6      | Reached skill level 5 in Spellcasting
  9926 | D:6      | Reached XP level 9. HP: 28/36 MP: 11/17
 10022 | D:6      | Noticed Pikel
 10040 | D:6      | Killed from afar by an orc priest
 10041 | D:6      | Reached XP level 8. HP: -12/29 MP: 0/16
 10102 | D:6      | Slain by Pikel
 10103 | D:6      | Reached XP level 7. HP: -4/30 MP: 1/15
 10103 | D:6      | Quit the game

Illustrated notes

Levels and vault maps discovered:
D:1:      ebering_trefoil_twist, layout_basic, serial_shops,
          nicolae_shop_crystal, shop_statue,
          nicolae_shop_competitors_out_of_business, amcnicky_mini_pool_small
D:2:      layout_rooms
D:3:      layout_loops_ring, nicolae_hepliaklqana_hippocampus,
          shapermc_ecumenical_altar_venn, serial_shops, nicolae_shop_trees
D:4:      layout_loops_ring, minmay_temple_entry_statues_pillars, st_stairs_6,
          roderic_lattice_a
D:5:      layout_cave_pools, vehumet_statue, mainiacjoe_overflow_catwalk,
          serial_gnoll_camp, gnoll_camp_mini_basic, gnoll_camp_mini_house,
          gnoll_camp_mini_doghouse, gnoll_camp_mini_shop,
          gnoll_camp_mini_loothouse
D:6:      layout_basic, mainiacjoe_overflow_alcove_2, uniq_pikel
Temple:   nicolae_temple_x_marks_the_god

Skill      XL: |  1  2  3  4  5  6  7  8 |
---------------+-------------------------+-----
Unarmed Combat | 1 2 3 4 |  4.0
Dodging        | 3 4 |  4.0
Stealth        | 3 4 5 6 |  6.0
Fighting       | 1 2 |  2.0
Ice Magic      | 4 6 7 |  7.2
Spellcasting   | 3 5 |  5.0
Hexes          | 4 |  4.0
Conjurations   | 2 |  2.0
Evocations     | 3 |  3.2

Action                   |  1- 3 |  4- 6 |  7- 9 || total
-------------------------+-------+-------+-------++-------
Melee: Unarmed           |    24 |    71 |   128 ||   223
       Bite              |     2 |     3 |     5 ||    10
       Punch             |       |       |     7 ||     7
 Cast: Freeze            |    32 |    32 |    17 ||    81
       Frozen Ramparts   |     3 |     9 |    32 ||    44
       Ozocubu's Armour  |       |    12 |    29 ||    41
       Hailstorm         |       |       |     9 ||     9
Evoke: Wand              |       |       |     1 ||     1
  Use: Scroll            |     1 |     3 |     8 ||    12
 Stab: Sleeping          |     7 |     9 |     8 ||    24
Armor: Skin              |     3 |    13 |    28 ||    44
Dodge: Dodged            |    26 |    64 |   156 ||   246

Table legend: (Time is in decaauts)
 A = Elapsed time spent in this place.
 B = Non-inter-level travel time spent in this place.
 C = Inter-level travel time spent in this place.
 D = Time resting spent in this place.
 E = Time spent auto-exploring this place.
 F = Levels seen in this place.
 G = Mean time per level.
                   A        B        C        D        E       F      G
               +--------+--------+--------+--------+--------+-----+--------+
         Total |   9241 |   8579 |    662 |   2909 |   4396 |   7 | 1320.1 |
       Dungeon |   9128 |   8468 |    660 |   2909 |   4303 |   6 | 1521.3 |
        Temple |    112 |    111 |      1 |      0 |     92 |   1 |  112.0 |
               +--------+--------+--------+--------+--------+-----+--------+

Top non-repeatable levels by time:
     D:5: 2953 daAuts
     D:4: 2263 daAuts
     D:1: 1559 daAuts
     D:2: 933 daAuts
     D:3: 749 daAuts
     D:6: 669 daAuts
  Temple: 112 daAuts
